 Dungeon Crawl Stone Soup version 0.29-a0-495-g17b79114eb (webtiles) character file.

Game seed: 4487944909030911149

70 hquester the Insei (level 4, 0/29 HPs)
             Began as an Octopode Transmuter on May 27, 2022.
             Slain by a hobgoblin (5 damage)
             ... led by Robin
             ... on level 2 of the Dungeon.
             The game lasted 00:05:37 (1179 turns).

hquester the Insei (Octopode Transmuter)            Turns: 1179, Time: 00:05:38

Health: 0/29       AC:  1    Str:  9    XL:     4   Next: 21%
Magic:  7/7        EV: 13    Int: 17    God:
Gold:   90         SH:  0    Dex: 12    Spells: 7/8 levels left

rFire   . . .      SeeInvis .     - Unarmed
rCold   . . .      Faith    .   (no shield)
rNeg    . . .      Spirit   .   (helmet restricted)
rPois   .          Reflect  .   (no amulet)
rElec   .          Harm     .   (no ring)
rCorr   .          Rampage  .   (no ring)
Will    .....                   (no ring)
Stlth   ++........              (no ring)
HPRegen 0.09/turn               (no ring)
MPRegen 0.10/turn               (no ring)
                                (no ring)
                                (no ring)

@: no status effects
A: almost no armour, amphibious, 8 rings, camouflage 1, gelatinous body 1,
(nimble swimmer 1), tentacles
a: no special abilities


You were on level 2 of the Dungeon.
You visited 1 branch of the dungeon, and saw 2 of its levels.

You collected 90 gold pieces.

Inventory:

Jewellery
 g - an amulet of reflection
Scrolls
 c - a scroll of identify {unknown}
 e - a scroll of magic mapping {unknown}
Potions
 a - a potion of lignification
 b - a potion of curing {unknown}
 d - 2 potions of cancellation {unknown}
 f - 2 potions of degeneration {unknown}


   Skills:
 + Level 1.9 Fighting
 + Level 2.6 Dodging
 + Level 3.4 Unarmed Combat
 + Level 2.5 Spellcasting
 + Level 2.5 Transmutations


You had 7 spell levels left.
You knew the following spells:

 Your Spells              Type           Power      Damage    Failure   Level
a - Beastly Appendage     Tmut           20%        N/A       6%          1

Your spell library contained the following spells:

 Spells                   Type           Power      Damage    Failure   Level
 Wereblood                Tmut           10%        N/A       10%         2
 Spider Form              Tmut/Pois      6%         N/A       32%         3
 Ice Form                 Ice/Tmut       6%         N/A       73%         4


Dungeon Overview and Level Annotations

Branches:
Dungeon (2/15)

Altars:

Annotations:
D:2 Robin


Innate Abilities, Weirdness & Mutations

You cannot wear most types of armour.
You are amphibious.
You can wear up to eight rings at the same time.
Your skin changes colour to match your surroundings (Stealth+).
Your rubbery body absorbs attacks. (AC +1, EV +1)
((You are camouflaged when in or above water. (Stealth+)))
You have tentacles for arms and can constrict up to eight enemies at once.


Message History

You tentacle-slap the hobgoblin. You grab the hobgoblin.
You squeeze the hobgoblin.
You kill the hobgoblin!
The goblin barely misses you.
You barely miss the goblin. Your grab misses the goblin.
The goblin barely misses you. The goblin misses you.
You tentacle-slap the goblin.
You kill the goblin!
The goblin hits you with a +0 dagger.
You tentacle-slap the goblin. You grab the goblin.
The goblin is severely wounded.
You constrict the goblin.
You kill the goblin!
The hobgoblin hits you.
You tentacle-slap the goblin.
You kill the goblin!
The hobgoblin misses you.
You barely miss the hobgoblin. Your grab misses the hobgoblin.
Your squeeze misses the hobgoblin. The hobgoblin barely misses you.
You closely miss the hobgoblin. You grab the hobgoblin.
You tentacle-slap the hobgoblin.
The hobgoblin is heavily wounded.
You constrict the hobgoblin. The hobgoblin misses you. The hobgoblin hits you.
* * * LOW HITPOINT WARNING * * *
You tentacle-slap the hobgoblin.
You kill the hobgoblin!
The hobgoblin completely misses you.
You tentacle-slap the hobgoblin. Your grab misses the hobgoblin.
The hobgoblin is heavily wounded.
The hobgoblin barely misses you.
You tentacle-slap the hobgoblin. Your grab misses the hobgoblin.
The hobgoblin is heavily wounded.
The hobgoblin misses you.
You barely miss the hobgoblin. You grab the hobgoblin.
The hobgoblin is heavily wounded.
You constrict the hobgoblin, but do no damage.
You barely miss the hobgoblin.
The hobgoblin is heavily wounded.
You constrict the hobgoblin. The hobgoblin hits you.
You die...

##PP. #.P♣ ##..♣
P# ##..♣♣♣♣PP#
..####
#..♣..♣P.[#
.....##.#.P♣.♣.P#
###
#.)†.#P)P.P.P#
#..
##...#g#.....####
#.#
##...@)..........
#.#
#..####..........
###.# ###.##
#..........
....######...#
#..........
###.##.....###
#..........
...........#
#..........
....##.....#####
#...g[.....
.#..##.........#
#.....>...♣
.##.##......##..


You could see a hobgoblin.

Vanquished Creatures
  An adder (D:2)
  A dart slug (D:2)
  A ball python (D:1)
  2 endoplasms (D:1)
  A giant cockroach (D:1)
  7 goblins
  7 hobgoblins
  8 jackals
  6 kobolds
  A quokka (D:2)
  3 bats
  A frilled lizard (D:1)
  15 rats
54 creatures vanquished.

Vanquished Creatures (others)
  3 plants (D:2)
3 creatures vanquished.

Grand Total: 57 creatures vanquished

Notes
Turn   | Place    | Note
-------+----------+-------------------------------------------
     0 | D:1      | hquester the Octopode Transmuter began the quest for the
                  | Orb.
     0 | D:1      | Reached XP level 1. HP: 13/13 MP: 3/3
    43 | D:1      | Reached XP level 2. HP: 17/18 MP: 1/5
   395 | D:1      | Reached XP level 3. HP: 17/23 MP: 6/6
  1138 | D:2      | Reached XP level 4. HP: 28/29 MP: 7/7
  1152 | D:2      | Noticed Robin
  1179 | D:2      | Slain by a hobgoblin

Illustrated notes

Levels and vault maps discovered:
D:1:      heliophobic_arrival_henge, layout_rooms, minmay_rat_gold_closets
D:2:      layout_rooms, serial_shops,
          nicolae_shop_temple_entry_statues_fountains, serial_forest,
          infiniplex_forest_end_1, infiniplex_forest_clump_medium,
          infiniplex_forest_straight_3, infiniplex_forest_clump_long,
          infiniplex_forest_straight_4, infiniplex_forest_straight_3,
          infiniplex_forest_diagonal, hellmonk_ecumenical_altar_zigzags,
          corexii_item_surrounded_by_moat, uniq_robin, uniq_natasha

Action                   |  1- 3 |  4- 6 || total
-------------------------+-------+-------++-------
Melee: Unarmed           |    78 |    26 ||   104
       Constrict         |    25 |     9 ||    34
       Tentacles         |    16 |     2 ||    18
       Kick              |     5 |       ||     5
       Punch             |     2 |     1 ||     3
 Cast: Beastly Appendage |     2 |       ||     2
 Stab: Sleeping          |     9 |       ||     9
       Distracted        |     1 |       ||     1
Armor: Skin              |     4 |       ||     4
Dodge: Dodged            |    40 |    17 ||    57

Table legend: (Time is in decaauts)
 A = Elapsed time spent in this place.
 B = Non-inter-level travel time spent in this place.
 C = Inter-level travel time spent in this place.
 D = Time resting spent in this place.
 E = Time spent auto-exploring this place.
 F = Levels seen in this place.
 G = Mean time per level.
                   A        B        C        D        E       F      G
               +--------+--------+--------+--------+--------+-----+--------+
         Total |   1172 |   1154 |     18 |    127 |    669 |   2 |  586.0 |
       Dungeon |   1172 |   1154 |     18 |    127 |    669 |   2 |  586.0 |
               +--------+--------+--------+--------+--------+-----+--------+

Top non-repeatable levels by time:
     D:1: 939 daAuts
     D:2: 232 daAuts
